 Dungeon Crawl Stone Soup version 0.26-a0-812-g31a745ddcd (webtiles) character file.

Game seed: 13172141665310111595

4363 mkm the Spear-Bearer (level 10, 0/88 HPs)
             Began as a Minotaur Fighter on Nov 21, 2020.
             Was a Believer of Makhleb.
             Slain by a starspawn tentacle (2 damage)
             ... attached to a tentacled starspawn
             ... on level 1 of the Abyss.
             The game lasted 00:41:30 (7144 turns).

mkm the Spear-Bearer (Minotaur Fighter)             Turns: 7144, Time: 00:41:32

Health: 0/88       AC: 14    Str: 30 (31) XL:     10   Next: 12%
Magic:  9/9        EV:  9    Int:  5      God:    Makhleb [**....]
Gold:   707        SH:  0    Dex: 12      Spells: 9/9 levels left

rFire    + . .     SeeInvis +   x - +6 halberd (elec)
rCold    + . .     Faith    .   (shield currently unavailable)
rNeg     . . .     Spirit   .   r - +2 scale mail {MR+}
rPois    .         Reflect  .   (helmet restricted)
rElec    .         Harm     .   k - scarf {rC+ rF+}
rCorr    .         Rampage  .   m - +2 pair of gloves {Dex+3}
MR       ++...     Rnd*Tele +   i - +0 pair of boots
Stlth    ..........             q - amulet of regeneration
HPRegen  0.64/turn              d - ring of see invisible
MPRegen  0.11/turn              D - +6 ring of strength

@: slowed, constricted, very slow
A: retaliatory headbutt, horns 2, deterioration 1, magic resistance 1,
teleportitis 1
a: Minor Destruction, Renounce Religion


You were on level 1 of the Abyss.
You worshipped Makhleb.
Makhleb was pleased with you.
You visited 2 branches of the dungeon, and saw 11 of its levels.
You visited the Abyss 1 time.

You collected 707 gold pieces.

Inventory:

Hand Weapons
 a - a +0 war axe
 g - a +0 mace
 o - a +4 scimitar of flaming
 x - a +6 halberd of electrocution (weapon)
 F - a +2 battleaxe
Armour
 c - a +1 kite shield
 i - a +0 pair of boots (worn)
 k - a scarf of resistance (worn)
 m - a +2 pair of gloves of dexterity (worn)
 r - a +2 scale mail of magic resistance (worn)
 H - a +0 plate armour
Jewellery
 d - a ring of see invisible (left hand)
 q - an amulet of regeneration (around neck)
 s - an uncursed ring of poison resistance
 D - a +6 ring of strength (right hand)
 L - an uncursed ring of magical power
Wands
 v - a wand of random effects (15)
 C - a wand of flame (9)
 G - a wand of iceblast (15)
 K - a wand of enslavement (11)
Scrolls
 h - 9 scrolls of teleportation
 j - 2 scrolls of remove curse
 l - 5 scrolls of identify
 t - 2 scrolls of magic mapping
 u - 2 scrolls of enchant armour
 w - 2 scrolls of amnesia
 y - 3 scrolls of fog
 A - 5 scrolls of fear
Potions
 b - a potion of might
 e - 2 potions of curing
 f - a potion of magic
 n - 2 potions of ambrosia
 p - 2 potions of attraction
 z - 3 potions of lignification
 B - a potion of haste
 E - 2 potions of invisibility
 I - a potion of brilliance
 J - a potion of degeneration {unknown}


   Skills:
 + Level 8.1 Fighting
 + Level 6.8(9.9) Axes
 + Level 11.0(11.7) Polearms
 + Level 8.0 Armour
 + Level 3.0 Dodging
 + Level 1.4 Stealth
 + Level 5.9 Shields


You had 9 spell levels left.
You didn't know any spells.
Your spell library contained the following spells:

 Spells                   Type           Power        Failure   Level
 Magic Dart               Conj           #...         69%         1
 Blink                    Tloc           N/A          83%         2
 Call Imp                 Summ           #.......     83%         2
 Slow                     Hex            #.......     83%         2
 Confusing Touch          Hex            #.......     96%         3
 Conjure Flame            Conj/Fire      #.......     96%         3
 Gell's Gravitas          Tloc           #.........   96%         3
 Mephitic Cloud           Conj/Pois/Air  #.......     96%         3
 Petrify                  Tmut/Erth      #.......     100%        4
 Metabolic Englaciation   Hex/Ice        #.........   100%        5
 Yara's Violent Unravell  Hex/Tmut       #.........   100%        5


Dungeon Overview and Level Annotations

Branches:
Dungeon (10/15)            Temple (1/1) D:6            Lair (0/6) D:10
    Orc: D:9-12

Altars:
Ashenzari
Cheibriados
Dithmenos
Elyvilon
Fedhas
Gozag
Hepliaklqana
Kikubaaqudgha
Makhleb
Nemelex Xobeh
Okawaru
Qazlal
Ru
Sif Muna
Trog
Uskayaw
Vehumet
Wu Jian
Xom
Yredelemnul
Zin
The Shining One

Shops:
D:7 *

Annotations:
D:9 ! Erica
D:10 Sonja


Innate Abilities, Weirdness & Mutations

You reflexively headbutt those who attack you in melee.
You have a pair of horns on your head.
Your body sometimes deteriorates upon taking damage.
You are resistant to hostile enchantments. (MR+)
You are occasionally teleported next to monsters.


Message History

* * * LOW HITPOINT WARNING * * *
You hit the tentacled starspawn.
The starspawn tentacle loses its grip on you.
The tentacled starspawn is lightly damaged.
You feel less wooden.
Your scarf of resistance unmelds from your body.
Your +2 pair of gloves of dexterity unmelds from your body.
Your +0 pair of boots unmelds from your body.
Your +2 scale mail of magic resistance unmelds from your body.
You feel resistant to extremes of temperature.
You feel agile.
You feel resistant to hostile enchantments.
The starspawn tentacle grabs you. The starspawn tentacle constricts you.
The starcursed mass engulfs you!
* * * LOW HITPOINT WARNING * * *
The starcursed mass barely misses you. The tentacled starspawn bites you!
* * * LOW HITPOINT WARNING * * *
Your body deteriorates!
You feel weakened.
The tentacled starspawn barely misses you.
You die...

# #........... #
#≈#...........
..#.#.#.#.....#
...#..#.#....#
...........###.
#............
#...X.w......
#.#..XX@X......
.......XwX...∩.#
.#.#.XXXX.......
#............
#.....X........
#............!.
......#...####..
._........... .#
...#.#...#


You could see 10 starcursed masses, a tentacled starspawn and 2 starspawn
tentacles.

Vanquished Creatures
  Erica (D:9)
  A two-headed ogre (D:9)
  Maggie (D:10)
  A wraith (D:10)
  A steam dragon (D:8)
  2 orc warriors (D:8)
  An ice beast (D:6)
  A necrophage (D:7)
  A sky beast (D:8)
  A centaur (D:6)
  An ogre (D:4)
  A phantom (D:8)
  2 bullfrogs
  3 scorpions
  A vampire bat (D:2)
  7 wights
  2 bullfrog zombies
  A howler monkey (D:5)
  A quasit (D:9)
  3 jellies
  A bullfrog skeleton (D:10)
  2 orc priests
  3 hounds
  6 orc wizards
  An iguana (D:8)
  7 worker ants
  A hound skeleton (D:6)
  Robin (D:2)
  A worker ant zombie (D:8)
  10 adders
  7 gnolls
  3 shadow imps
  5 white imps
  2 ufetubi
  An ooze (D:1)
  2 adder skeletons
  3 worms
  A dart slug (D:2)
  2 leopard geckos
  34 orcs
  3 bat skeletons (D:2)
  2 bat zombies (D:2)
  3 giant cockroaches
  19 goblins
  11 hobgoblins
  8 jackals
  2 quokkas
  2 ball pythons
  A ball python skeleton (D:4)
  8 bats
  4 frilled lizards
  A giant cockroach zombie (D:6)
  A goblin skeleton (D:6)
  3 hobgoblin zombies (D:6)
  A jackal skeleton (D:4)
  A jackal zombie (D:5)
  9 kobolds
  3 kobold skeletons (D:6)
  A leopard gecko skeleton (D:5)
  An orc skeleton (D:6)
  An orc zombie (D:6)
  A quokka skeleton (D:5)
  A quokka zombie (D:6)
  3 rats
216 creatures vanquished.

Vanquished Creatures (others)
  4 toadstools (D:1)
4 creatures vanquished.

Grand Total: 220 creatures vanquished

Notes
Turn   | Place    | Note
-------+----------+-------------------------------------------
     0 | D:1      | mkm the Minotaur Fighter began the quest for the Orb.
     0 | D:1      | Reached XP level 1. HP: 19/19 MP: 0/0
   130 | D:1      | Reached XP level 2. HP: 24/27 MP: 1/1
   613 | D:1      | Reached XP level 3. HP: 33/33 MP: 2/2
  1073 | D:2      | Reached XP level 4. HP: 40/41 MP: 3/3
  1084 | D:2      | Identified the +0 helmet of Niche {Rampage rC+ Stlth+}
  1084 | D:2      | Noticed Robin
  1110 | D:2      | Killed Robin
  1424 | D:2      | Found a shimmering altar of Xom.
  1424 | D:2      | Found a shimmering altar of Xom.
  1446 | D:2      | Found a shimmering altar of Xom.
  1446 | D:2      | Found a shimmering altar of Xom.
  1589 | D:2      | Reached XP level 5. HP: 47/47 MP: 4/4
  1728 | D:2      | Found an ancient bone altar of Kikubaaqudgha.
  2413 | D:4      | Reached skill level 5 in Armour
  2422 | D:4      | Reached XP level 6. HP: 49/53 MP: 5/5
  2613 | D:4      | Gained mutation: You are occasionally teleported next to
                  | monsters. [potion of mutation]
  2613 | D:4      | Gained mutation: Your body sometimes deteriorates upon
                  | taking damage. [potion of mutation]
  2613 | D:4      | Gained mutation: You are resistant to hostile enchantments.
                  | (MR+) [potion of mutation]
  2657 | D:4      | Reached skill level 5 in Axes
  2657 | D:4      | Reached skill level 5 in Shields
  2699 | D:4      | Found an iron altar of Okawaru.
  2831 | D:4      | Found an ornate altar of the Wu Jian Council.
  2832 | D:4      | Found a white marble altar of Elyvilon.
  2839 | D:4      | Found a shimmering blue altar of Sif Muna.
  3101 | D:5      | Entered Level 5 of the Dungeon
  3129 | D:5      | Reached skill level 5 in Fighting
  3371 | D:5      | Reached XP level 7. HP: 61/61 MP: 6/6
  3596 | D:6      | Reached skill level 1 in Dodging
  4123 | D:6      | Found a staircase to the Ecumenical Temple.
  4135 | Temple   | Entered the Ecumenical Temple
  4268 | Temple   | Became a worshipper of Makhleb the Destroyer
  4416 | D:6      | Found a glowing golden altar of the Shining One.
  4603 | D:6      | Reached skill level 1 in Polearms
  4680 | D:6      | Reached XP level 8. HP: 68/70 MP: 7/7
  4953 | D:7      | Reached skill level 2 in Polearms
  5107 | D:7      | Found Muhut's Assorted Antiques.
  5111 | D:7      | Reached skill level 3 in Polearms
  5438 | D:7      | Reached skill level 4 in Polearms
  5445 | D:7      | Reached * piety under Makhleb
  5481 | D:7      | Reached skill level 5 in Polearms
  5638 | D:8      | Reached skill level 6 in Polearms
  5819 | D:8      | Reached skill level 7 in Polearms
  5924 | D:8      | Identified a scroll of acquirement
  5924 | D:8      | Acquired a +2 pair of gloves of dexterity
  6013 | D:8      | Reached XP level 9. HP: 74/78 MP: 8/8
  6196 | D:8      | Reached skill level 8 in Polearms
  6363 | D:9      | Noticed a two-headed ogre
  6377 | D:9      | Killed a two-headed ogre
  6377 | D:9      | Reached skill level 9 in Polearms
  6377 | D:9      | Reached skill level 1 in Stealth
  6481 | D:9      | Noticed Erica
  6499 | D:9      | Killed Erica
  6499 | D:9      | Reached skill level 10 in Polearms
  6638 | D:9      | Reached ** piety under Makhleb
  6670 | D:9      | Found a blossoming altar of Fedhas.
  6763 | D:9      | Found an opulent altar of Gozag.
  7012 | D:10     | Entered Level 10 of the Dungeon
  7022 | D:10     | Noticed Maggie
  7044 | D:10     | Killed Maggie
  7044 | D:10     | Reached XP level 10. HP: 76/88 MP: 9/9
  7086 | D:10     | Found a staircase to the Lair.
  7091 | D:10     | Reached skill level 11 in Polearms
  7118 | D:10     | Noticed Sonja
  7122 | D:10     | Cast into level 1 of the Abyss (Sonja)
  7122 | Abyss:1  | Found a corrupted altar of Lugonu.
  7135 | Abyss:1  | Noticed a starcursed mass
  7137 | Abyss:1  | Noticed a tentacled starspawn
  7139 | Abyss:1  | Paralysed by accursed screaming for 2 turns
  7144 | Abyss:1  | HP: 2/88 [tentacled starspawn (14)]
  7144 | Abyss:1  | Slain by a starspawn tentacle

Illustrated notes

Levels and vault maps discovered:
D:1:      ldierk_water_garden, layout_basic
D:2:      layout_rooms, xom_redecorated, kennysheep_vampire_church, uniq_robin
D:3:      layout_rooms
D:4:      layout_cave_pools, chequers_temple_overflow_statue_of_worship,
          okawaru_gym_becter, minmay_misc_feat_cross
D:5:      layout_rooms, serial_glass, glass_columns_a, glass_columns_b
D:6:      minmay_spotlight, layout_basic, nicolae_tso_besieged_by_evil,
          minmay_temple_entry_slanted
D:7:      layout_loops_ring, serial_shops, kennysheep_mini
D:8:      layout_loops_ring
D:9:      layout_cave_pools, kennysheep_mini_moat, fedhas_altar_2, uniq_erica
D:10:     layout_rooms, lair_entry_dummy, david_orc_4, trove_entry_hex_spiral,
          nicolae_ru_path_of_blood, uniq_maggie, uniq_sonja
Temple:   eino_temple_water
Abyss:1:  base:
D:1

Skill      XL: |  1  2  3  4  5  6  7  8  9 10 |
---------------+-------------------------------+-----
Shields        | 4 5 |  5.9
Fighting       | 4 5 6 8 |  8.1
Armour         | 4 5 6 7 8 |  8.0
Axes           | 3 4 5 6 |  6.8
Dodging        | 1 2 3 |  3.0
Polearms       | 1 7 10 11 | 11.0
Stealth        | 1 |  1.4

Action                   |  1- 3 |  4- 6 |  7- 9 | 10-12 || total
-------------------------+-------+-------+-------+-------++-------
Melee: War axe           |    82 |   146 |    46 |       ||   274
       Headbutt          |     9 |    21 |    35 |       ||    65
       Halberd           |       |       |   177 |    12 ||   189
  Use: Potion            |       |     8 |     9 |     1 ||    18
       Scroll            |       |     7 |     9 |       ||    16
Armor: Scale mail        |    46 |    50 |   106 |     2 ||   204
       Chain mail        |       |    45 |       |       ||    45
       Skin              |       |       |       |     4 ||     4
Dodge: Dodged            |    33 |    54 |   107 |     9 ||   203
Block: Kite shield       |    41 |   100 |    35 |       ||   176

Table legend: (Time is in decaauts)
 A = Elapsed time spent in this place.
 B = Non-inter-level travel time spent in this place.
 C = Inter-level travel time spent in this place.
 D = Time resting spent in this place.
 E = Time spent auto-exploring this place.
 F = Levels seen in this place.
 G = Mean time per level.
                   A        B        C        D        E       F      G
               +--------+--------+--------+--------+--------+-----+--------+
         Total |   7258 |   7071 |    187 |    667 |   4293 |  12 |  604.8 |
       Dungeon |   6972 |   6801 |    171 |    651 |   4176 |  10 |  697.2 |
        Temple |    253 |    237 |     16 |      0 |    117 |   1 |  253.0 |
         Abyss |     32 |     32 |      0 |     16 |      0 |   1 |   32.0 |
               +--------+--------+--------+--------+--------+-----+--------+

Top non-repeatable levels by time:
     D:2: 1072 daAuts
     D:6: 956 daAuts
     D:7: 905 daAuts
     D:1: 841 daAuts
     D:4: 752 daAuts
     D:8: 732 daAuts
     D:9: 650 daAuts
     D:3: 499 daAuts
     D:5: 447 daAuts
  Temple: 253 daAuts
    D:10: 113 daAuts
 Abyss:1: 32 daAuts
